Map: Romanticide LE

Players

JimRising

  • Race: Zerg Zerg
  • League: Master
  • Spawn Location: 11:00

SpeCial - Winner!

  • Race: Terran Terran
  • League: Master
  • Spawn Location: 5:00

Event: DreamHack SC2 Masters 2020 Winter

VOD

Have the link to the VOD?

Description

Time

  • Played on: Oct. 22, 2020, 4:14 p.m.
  • Length: 6:47

All games in this series

Show
View Real Time Build Order
Export as new Build Order

JimRising Zerg 

Build Orders: Hatch First, Zergling Baneling 

Get SALT Encoding   

  12  0:00  Drone  
  13  0:13  Overlord  
  13  0:17  Drone  
  14  0:31  Drone x2  
  16  0:50  Hatchery  
  16  0:54  Drone  
  16  0:56  Drone  
  17  0:59  Drone  
  18  1:09  Extractor  
  17  1:17  Spawning Pool  
  16  1:19  Drone  
  16  1:23  Drone  
  18  1:29  Drone  
  19  1:42  Drone  
  20  1:51  Overlord  
  20  2:03  Queen  
  20  2:04  Queen  
  20  2:05  Zergling x4  
  26  2:09  Metabolic Boost  
  26  2:13  Zergling x2  
  28  2:15  Zergling x2  
  28  2:26  Overlord  
  28  2:29  Drone  
  29  2:39  Drone  
  29  2:40  Overlord  
  29  2:50  Overlord  
  28  2:52  Zergling x2  
  28  2:55  Drone  
  28  2:56  Baneling Nest  
  28  2:57  Drone  
  30  3:08  Zergling x4  
  30  3:17  Zergling x10  
  35  3:21  Zergling x2  
  35  3:23  Zergling x2  
  35  3:25  Zergling x2  
  38  3:36  Zergling x4  
  40  3:42  Zergling x2  
  40  3:45  Zergling x2  
  40  3:46  Zergling x4  
  44  3:51  Baneling x6  
  44  3:52  Baneling  
  44  3:53  Baneling  
  44  3:55  Baneling  
  44  4:00  Zergling x2  
  45  4:03  Baneling  
  45  4:04  Zergling x2  
  45  4:07  Zergling x2  
  47  4:17  Zergling x6  
  47  4:23  Zergling x6  
  39  4:34  Zergling x8  
  42  4:44  Drone x3  
  41  4:55  Zergling x4  
  42  5:06  Drone x3  
  40  5:11  Drone  
  40  5:14  Baneling x6  
  40  5:16  Zergling x4  
  40  5:17  Zergling x4  
  44  5:24  Queen  
  44  5:28  Drone  
  47  5:32  Zergling x6  
  50  5:43  Drone  
  50  5:44  Overlord  
  50  5:48  Overlord x2  
  51  5:57  Overlord  
  48  6:22  Drone x5  
  48  6:23  Drone  
Show
View Real Time Build Order
Export as new Build Order

SpeCial Terran - Winner!

Build Orders:  

Get SALT Encoding   

  12  0:00  SCV  
  13  0:12  SCV  
  14  0:18  Supply Depot  
  14  0:24  SCV  
  15  0:40  SCV  
  15  0:41  Barracks  
  16  0:44  Refinery  
  16  0:52  SCV  
  17  1:00  Barracks  
  17  1:04  SCV  
  18  1:16  SCV  
  19  1:29  Reaper, Orbital Command  
  20  1:45  Refinery  
  20  1:48  Reaper  
  20  1:49  Supply Depot  
  21  1:55  SCV  
  22  2:04  Reaper  
  23  2:10  SCV  
  24  2:16  Command Center  
  24  2:22  SCV  
  25  2:27  Factory  
  25  2:35  Reaper  
  25  2:36  SCV  
  27  2:49  SCV  
  28  2:51  Reaper  
  28  2:54  Supply Depot  
  29  3:01  SCV  
  30  3:08  Reaper  
  31  3:13  Starport  
  31  3:16  SCV  
  32  3:21  Factory Reactor  
  32  3:24  Marine  
  33  3:28  SCV, Orbital Command  
  34  3:39  Marine  
  34  3:40  SCV  
  36  3:43  Marine  
  36  3:46  Supply Depot  
  37  3:57  Marine  
  37  3:58  Medivac, Hellion x2  
  37  4:01  Armory  
  44  4:03  SCV x2  
  44  4:04  Marine  
  47  4:10  Supply Depot  
  47  4:19  Hellion x2  
  47  4:24  Marine x2  
  47  4:30  SCV x2  
  45  4:33  Liberator  
  46  4:42  SCV x2, Marine x2  
  46  4:44  Hellion  
  52  4:54  SCV  
  49  5:00  Marine x2  
  49  5:05  SCV  
  49  5:06  SCV  
  46  5:14  Hellion  
  48  5:17  SCV, Marine  
  48  5:18  SCV, Marine  
  48  5:20  Liberator  
  55  5:29  SCV  
  55  5:33  Hellion  
  55  5:35  Hellion, Marine x2  
  60  5:37  SCV  
  60  5:42  Supply Depot  
  63  5:44  SCV  
  63  5:49  SCV  
  65  5:54  Command Center  
  65  5:58  Hellion x2  
  65  6:00  SCV  
  65  6:04  SCV  
  71  6:05  Supply Depot  
  71  6:12  SCV  
  71  6:17  SCV  
  73  6:19  Supply Depot, Hellion  
  78  6:26  SCV  
  73  6:34  SCV  
  74  6:44  Supply Depot, Refinery  
  77  6:45  Refinery  
Tags
 
Add a new tag
Caveats
  • Supply blocks, unpowered buildings, or Contaminate may cause inaccurate times.
  • Supply counts are checked every 10 seconds.